 Dungeon Crawl Stone Soup version 0.29-a0-575-g0dc89cf053 (webtiles) character file.

Game seed: 6961378308804241282

35 spaghetti the Ducker (level 3, 31/35 HPs)
             Began as a Gnoll Wanderer on June 12, 2022.
             Quit the game on level 2 of the Dungeon.
             The game lasted 00:01:35 (592 turns).

spaghetti the Ducker (Gnoll Wanderer)                Turns: 592, Time: 00:01:36

Health: 31/35      AC:  3    Str: 12    XL:     3   Next: 33%
Magic:  4/4        EV: 13    Int: 12    God:
Gold:   18         SH:  0    Dex: 11    Spells: 1/3 levels left

rFire   . . .      SeeInvis .   a - +0 hand crossbow {crossbow}
rCold   . . .      Faith    .   (no shield)
rNeg    . . .      Spirit   .   c - +0 leather armour
rPois   .          Reflect  .   (no helmet)
rElec   .          Harm     .   (no cloak)
rCorr   .          Rampage  .   (no gloves)
Will    .....                   (no boots)
Stlth   ++........              (no amulet)
HPRegen 0.11/turn               (no ring)
MPRegen 0.09/turn               (no ring)

@: no status effects
A: fangs 1, strong nose, distributed training
a: no special abilities


You were on level 2 of the Dungeon.
You visited 1 branch of the dungeon, and saw 2 of its levels.

You collected 18 gold pieces.


Innate Abilities, Weirdness & Mutations

You have very sharp teeth.
Your uncanny sense of smell can sniff out nearby items.
Your experience applies equally to all skills.


   Skills:
 + Level 6.5 Fighting
 + Level 0.7 Short Blades
 + Level 0.7 Long Blades
 + Level 0.7 Axes
 + Level 0.7 Maces & Flails
 + Level 0.7 Polearms
 + Level 0.7 Staves
 + Level 0.7 Slings
 + Level 0.7 Bows
 + Level 4.5 Crossbows
 + Level 0.7 Throwing
 + Level 2.6 Armour
 + Level 6.5 Dodging
 + Level 2.3 Stealth
 + Level 0.7 Shields
 + Level 0.7 Unarmed Combat
 + Level 0.7 Spellcasting
 + Level 0.5 Conjurations
 + Level 0.5 Hexes
 + Level 0.5 Summonings
 + Level 0.5 Necromancy
 + Level 0.5 Translocations
 + Level 0.5 Transmutations
 + Level 0.5 Fire Magic
 + Level 0.5 Ice Magic
 + Level 0.5 Air Magic
 + Level 0.5 Earth Magic
 + Level 0.5 Poison Magic
 + Level 0.9 Invocations
 + Level 0.7 Evocations


You had one spell level left.
You knew the following spells:

 Your Spells              Type           Power      Damage    Failure   Level
a - Wereblood             Tmut           1%         N/A       43%         2

Your spell library contained the following spells:

 Spells                   Type           Power      Damage    Failure   Level
 Beastly Appendage        Tmut           2%         N/A       32%         1
 Spider Form              Tmut/Pois      1%         N/A       67%         3

Inventory:

Hand Weapons
 a - a +0 hand crossbow (weapon) {crossbow}
Missiles
 b - 4 throwing nets (quivered) {=f!fthrowing}
 h - 9 poisoned darts {throwing}
 j - 46 stones {throwing}
Armour
 c - a +0 leather armour (worn)
Scrolls
 e - a scroll of blinking {!r}
 f - a scroll of identify {unknown}
 g - a scroll of noise {unknown}
 i - a scroll of amnesia {unknown}
Potions
 d - a potion of attraction {!q}
 k - a potion of magic {unknown}
 l - a potion of brilliance {unknown}
 m - a potion of flight {unknown}

Dungeon Overview and Level Annotations

Branches:
Dungeon (2/15)

Altars:

......#### ....
###.#....#
.........
#..###.#
......... ##.#
#.## .........
#.# #..####
......... #.#
##....##......^..
#.#
####............
#.# ##..##J....#
#. #...@J.##
##.##b.# ...#
#.... #####
###..# .# ∆ .


You could see 2 endoplasms and a bat.


Message History

No target in view!
Things that are here:
a +0 club {mace}; a kobold corpse Key pressed, stopping explore.
Key pressed, stopping explore.
Done exploring.
No target in view!
Done exploring.
Done exploring.
Done exploring.
Done exploring.
Done exploring.
(D) Dungeon
Where to? (? - help)
There is a stone staircase leading down here.
You climb downwards.
Found 6 poisoned darts and a pair of boots.
Found two stone staircases leading up and two stone staircases leading down.
There is a stone staircase leading up here.
Unknown command.
Unknown command.
h - 9 poisoned darts {throwing} (gained 6) No target in view!
No target in view!
No target in view!
No target in view!
There is a stone staircase leading down here.
Key pressed, stopping explore.
j - 46 stones {throwing} (gained 21)
A hobgoblin comes into view.
The hobgoblin shouts!
A hobgoblin is nearby!
A hobgoblin is nearby!
You shoot a bolt. The bolt hits the hobgoblin.
No target in view!
No target in view!
No target in view!
No target in view!
A hobgoblin and an endoplasm come into view.
There are monsters nearby!
There are monsters nearby!
There are monsters nearby!
You shoot a bolt. The endoplasm quivers.
The bolt hits the hobgoblin but does no damage.
A bat comes into view.
You shoot a bolt.
The bolt completely misses the hobgoblin.
The bolt hits the endoplasm but does no damage.
An endoplasm comes into view.
You shoot a bolt. The endoplasm quivers.
The bolt hits the hobgoblin.
You kill the hobgoblin!
The bat barely misses you.
You shoot a bolt. The bolt hits the endoplasm.
The bat hits you.
You shoot a bolt. The bolt closely misses the bat.
The bolt hits the endoplasm but does no damage.
The bat hits you but does no damage.
The endoplasm closely misses you. 😕 HP[-1]
You take 1 damage, and now have 34/35 hp.
You shoot a bolt. The bolt hits the endoplasm.
The bat hits you but does no damage. The endoplasm freezes you.
You are frozen. 😕 HP[-3]
You take 3 damage, and now have 31/35 hp.
You are too injured to fight recklessly!
You are too injured to fight recklessly!
You are too injured to fight recklessly!
You are too injured to fight recklessly!
You are too injured to fight recklessly!
You are too injured to fight recklessly!
You are too injured to fight recklessly!
You are too injured to fight recklessly!
You are too injured to fight recklessly!
You are too injured to fight recklessly!
You are too injured to fight recklessly!
You are too injured to fight recklessly!
You are too injured to fight recklessly!
You are too injured to fight recklessly!
You are too injured to fight recklessly!
You are too injured to fight recklessly!
Unknown command.
Casting: Wereblood (quite dangerous; 43% risk of failure)
Confirm with . or Enter, or press ? or * to list all spells.
You don't know that spell.
You are too injured to fight recklessly!
Really fire
b - 4 throwing nets {=f!fthrowing}?
Unknown command.
Really fire
b - 4 throwing nets {=f!fthrowing}? 🤖 Initializing magus.rc ...
Options error: Delay interrupt name "hungry" not recognised. (~/.crawlrc:4761) Options error: Bad monster_list_colour key: strict_neutral (~/.crawlrc:4776) Bad channel name for runrest: 'pray:' ✅ Successfully initialized magus.rc [v1.9.6] Welcome back, spaghetti the Gnoll Wanderer.
Press ? for a list of commands and other information.
Unknown command.
Are you sure you want to abandon this character and quit the game? (Confirm with "yes".)

Action                   || total
-------------------------++-------
 Fire: Hand crossbow     ||    58
Armor: Leather armour    ||     5
Dodge: Dodged            ||     6

Levels and vault maps discovered:
D:1:      lemuel_arrival_room, layout_basic
D:2:      layout_rooms, minmay_divided_ellipse, uniq_terence

Notes
Turn   | Place    | Note
-------+----------+-------------------------------------------
     0 | D:1      | spaghetti the Gnoll Wanderer began the quest for the Orb.
     0 | D:1      | spaghetti set off with the following items: a +0 hand
                  | crossbow {crossbow}, 4 throwing nets {=f!fthrowing}, a +0
                  | leather armour, a potion of attraction {!q}, a scroll of
                  | blinking {!r}
     0 | D:1      | Reached XP level 1. HP: 23/23 MP: 1/1
     0 | D:1      | magus.rc [v1.9.6]
    48 | D:1      | Reached XP level 2. HP: 29/29 MP: 2/2
   257 | D:1      | You pick up a book of Changes and begin reading...
   257 | D:1      | You add the spells Beastly Appendage, Wereblood and Spider
                  | Form to your library.
   422 | D:1      | Reached XP level 3. HP: 35/35 MP: 2/4
   425 | D:1      | Learned a level 2 spell: Wereblood
   592 | D:2      | Upgraded the game from 0.29-a0-563-g64e4043184 to
                  | 0.29-a0-575-g0dc89cf053
   592 | D:2      | magus.rc [v1.9.6]
   592 | D:2      | Quit the game

Vanquished Creatures
  A gnoll (D:1)
  A dart slug (D:1)
  2 endoplasms (D:1)
  A goblin (D:1)
  4 hobgoblins
  4 kobolds (D:1)
  4 ball pythons (D:1)
  3 bats (D:1)
  3 frilled lizards (D:1)
  2 rats (D:1)
25 creatures vanquished.

Table legend:
 A = Non-vault XP
 B = Vault XP
 C = Vault XP percentage of total XP
 D = Non-vault monster count
 E = Vault monster count
 F = Vault count percentage of total count
                 A         B        C        D         E       F
            +---------+---------+-------+---------+---------+-------
      Total |      50 |       0 |   0.0 |      25 |       0 |   0.0
            +---------+---------+-------+---------+---------+-------
        D:1 |      48 |       0 |   0.0 |      24 |       0 |   0.0
        D:2 |       2 |       0 |   0.0 |       1 |       0 |   0.0
            +---------+---------+-------+---------+---------+-------

Illustrated notes

Table legend:
 A = Kills in this place as a percentage of kills in entire the game.
 B = Kills by you in this place as a percentage of kills by you in the entire game.
 C = Kills by friends in this place as a percentage of kills by friends in the entire game.
 D = Other kills in this place as a percentage of other kills in the entire game.
 E = Experience gained in this place as a percentage of experience gained in the entire game.
 F = Experience gained in this place divided by the number of levels of this place that you have seen.
                   A       B       C       D       E      F
               +-------+-------+-------+-------+-------+----------------------
         Total | 100.0 | 100.0 |   N/A |   N/A | 100.0 |  25.0
       Dungeon | 100.0 | 100.0 |   N/A |   N/A | 100.0 |  25.0
               +-------+-------+-------+-------+-------+----------------------

Table legend: (Time is in decaauts)
 A = Elapsed time spent in this place.
 B = Non-inter-level travel time spent in this place.
 C = Inter-level travel time spent in this place.
 D = Time resting spent in this place.
 E = Time spent auto-exploring this place.
 F = Levels seen in this place.
 G = Mean time per level.
                   A        B        C        D        E       F      G
               +--------+--------+--------+--------+--------+-----+--------+
         Total |    609 |    587 |     22 |      0 |    464 |   2 |  304.5 |
       Dungeon |    609 |    587 |     22 |      0 |    464 |   2 |  304.5 |
               +--------+--------+--------+--------+--------+-----+--------+

Top non-repeatable levels by time:
     D:1: 566 daAuts
     D:2: 43 daAuts
